 Dungeon Crawl Stone Soup version 0.28.0-49-g6dfe1f597d (webtiles) character file.

Game seed: 15663175319378393086

350 Zeld the Skirmisher (level 6, 0/53 HPs)
             Began as a Palentonga Fighter on May 19, 2022.
             Killed by divine providence
             ... invoked by an orc priest
              (12 damage)
             ... on level 4 of the Dungeon.
             The game lasted 00:02:48 (4035 turns).

Zeld the Skirmisher (Palentonga Fighter)            Turns: 4035, Time: 00:02:48

Health: 0/53       AC:  6    Str: 22    XL:     6   Next: 33%
Magic:  6/6        EV:  7    Int:  8    God:
Gold:   182        SH:  4    Dex:  9    Spells: 5/5 levels left

rFire   . . .      SeeInvis +   a - +0 long sword
rCold   . . .      Faith    .   c - +0 buckler
rNeg    . . .      Spirit   .   b - +0 scale mail
rPois   .          Reflect  .   (no helmet)
rElec   .          Harm     .   (no cloak)
rCorr   .          Rampage  .   (no gloves)
Will    .....                   (no barding)
Stlth   ..........              (no amulet)
HPRegen 0.17/turn               (no ring)
MPRegen 0.10/turn               (no ring)

@: no status effects
A: large, rugged brown scales 3, see invisible, deformed body, roll 1, armoured
tail
a: Rolling Charge


You were on level 4 of the Dungeon.
You visited 1 branch of the dungeon, and saw 4 of its levels.

You collected 182 gold pieces.

Inventory:

Hand Weapons
 a - a +0 long sword (weapon)
Armour
 b - a +0 scale mail (worn)
 c - a +0 buckler (worn)
Scrolls
 e - 4 scrolls of identify {unknown}
 g - a scroll of fog {unknown}
 h - a scroll of blinking {unknown}
 i - a scroll of amnesia {unknown}
 k - a scroll of enchant armour {unknown}
 m - a scroll of vulnerability {unknown}
Potions
 d - a potion of might
 f - a potion of ambrosia {unknown}
 j - a potion of curing {unknown}
 l - a potion of lignification {unknown}


   Skills:
 * Level 4.8 Fighting
 * Level 4.2 Long Blades
 - Level 2.4 Armour
 + Level 1.9 Dodging
 + Level 3.2 Shields


You had 5 spell levels left.
You didn't know any spells.
Your spell library was empty.

Dungeon Overview and Level Annotations

Branches:
Dungeon (4/15)             Temple (0/1) D:4

Altars:
Zin

Annotations:
D:3 3 runed translucent doors, bnorton916's ghost, amateur DEFE


Innate Abilities, Weirdness & Mutations

You are completely covered in rugged brown scales. (AC +3, +7% HP)
You have supernaturally acute eyesight. (SInv)
Armour fits poorly on your strangely shaped body.
You can roll at nearby foes to attack.
You have a long armoured tail.


Message History

You hear an angry hiss.
Unknown command.
You roll forward with a clatter of scales!
A ball python comes into view.
You closely miss the orc.
The ball python hisses angrily.
You block the orc priest's attack. The orc hits you but does no damage.
The orc priest barely misses you.
Unknown command.
You barely miss the orc priest. The ball python barely misses you.
The orc priest hits you with a +0 hand axe.
You hit the orc. You tail-slap the orc.
You kill the orc!
The ball python bites you but does no damage.
The orc priest hits you with a +0 hand axe.
The ball python bites you.
You hit the orc priest.
The orc priest is heavily wounded.
The orc wizard barely misses you. The kobold closely misses you.
The orc priest hits you with a +0 hand axe.
The ball python closely misses you. The orc wizard barely misses you.
You enter the shallow water.
Moving in this stuff is going to be slow.
The kobold hits you with a +3 short sword.
The ball python bites you.
The orc priest calls down the wrath of Beogh upon you.
Beogh smites you!
* * * LOW HITPOINT WARNING * * *
The kobold hits you but does no damage.
The orc priest begins to cast a cantrip, but forgets the words!
You block the ball python's attack. The dart slug launches a dart at you.
The slug dart hits you.
* * * LOW HITPOINT WARNING * * *
The kobold throws a poisoned dart.
You block the poisoned dart.
The orc priest miscasts a cantrip.
The ball python bites you but does no damage.
The orc priest invokes the aid of Beogh against you.
Beogh smites you!
You die...

#..# #..###... ##..# ##.#
### #..## .. #..# ..# ##.##
###.## #..# #.... #..# #.#.
##### ##.#### #.. .....
###....@##### #.♣♣♣.....
##..##..(S.K.###.♣≈≈≈≈≈≈≈
###..#######...oo..♣≈♣.....
##..### #####w...≈......
##..## ###..≈)..... #.###
#.:≈...>.. ### #..≈......
#..≈...... #.♣≈♣.)...


You could see an orc priest, an orc wizard, a dart slug, a ball python and a
kobold.

Vanquished Creatures
  An ogre (D:4)
  An iguana (D:2)
  4 orc priests
  An orc wizard (D:4)
  2 adders
  2 worms (D:2)
  A dart slug (D:1)
  11 orcs
  9 ball pythons
  An endoplasm (D:1)
  4 giant cockroaches (D:1)
  3 goblins
  4 hobgoblins
  4 quokkas
  4 bats
  4 frilled lizards
  4 kobolds
  11 rats
71 creatures vanquished.

Notes
Turn   | Place    | Note
-------+----------+-------------------------------------------
     0 | D:1      | Zeld the Palentonga Fighter began the quest for the Orb.
     0 | D:1      | Reached XP level 1. HP: 19/19 MP: 1/1
   422 | D:1      | Reached XP level 2. HP: 25/25 MP: 2/2
   857 | D:2      | Reached XP level 3. HP: 31/31 MP: 3/3
  1495 | D:3      | Found a runed translucent gate.
  1499 | D:3      | Found a runed translucent gate.
  1500 | D:3      | Found a runed translucent gate.
  1564 | D:2      | Reached XP level 4. HP: 8/39 MP: 4/4
  1809 | D:3      | Reached skill level 1 in Dodging
  2440 | D:3      | Noticed bnorton916's ghost (amateur DEFE)
  2474 | D:3      | Found a glowing silver altar of Zin.
  2547 | D:3      | Found a faded altar of an unknown god.
  2737 | D:4      | Reached XP level 5. HP: 25/44 MP: 5/5
  3519 | D:4      | Noticed an ogre
  3531 | D:4      | Killed an ogre
  3532 | D:4      | Reached XP level 6. HP: 16/52 MP: 6/6
  4019 | D:4      | Found a staircase to the Ecumenical Temple.
  4035 | D:4      | Killed from afar by an orc priest

Illustrated notes

Levels and vault maps discovered:
D:1:      minmay_arrival_doors, layout_loops_cross
D:2:      layout_rooms
D:3:      layout_basic, zin_statuary, shapermc_ecumenical_altar_mp_vishouse,
          gammafunk_ghost_icy
D:4:      layout_cave_pods, minmay_temple_entry_water_ring,
          chequers_serial_rivers_small_a, uniq_natasha

Skill      XL: |  1  2  3  4  5 |
---------------+----------------+-----
Long Blades    | 3 4 |  4.2
Dodging        | 1 |  1.9
Fighting       | 4 |  4.8
Shields        | 3 |  3.2
Armour         | |  2.4

Action                   |  1- 3 |  4- 6 || total
-------------------------+-------+-------++-------
Melee: Long sword        |   117 |    94 ||   211
       Tailslap          |    15 |    12 ||    27
 Abil: Rolling Charge    |       |     3 ||     3
Armor: Scale mail        |    65 |    48 ||   113
Dodge: Dodged            |    46 |    39 ||    85
Block: Buckler           |    30 |    23 ||    53
